 Dungeon Sprint DCSS version 0.23.2-1-ga50397a6bc (webtiles) character file.

Game seed: 2187831676793943948

9853 Kobolds4U the Imperceptible (level 11, -3/56 HPs)
             Began as a Spriggan Assassin on May 30, 2019.
             Was a High Priest of Okawaru.
             Slain by a hornet (9 damage)
             ... in the Dungeon (Sprint I: "Red Sonja").
             The game lasted 00:20:12 (4218 turns).

Kobolds4U the Imperceptible (Spriggan Assassin)     Turns: 4218, Time: 00:20:12

Health: -3/56      AC:  2    Str:  7    XL:     11   Next: 28%
Magic:  21/21      EV: 36    Int: 17    God:    Okawaru [*****.]
Gold:   1047       SH: 10    Dex: 20    Spells: 15/23 levels left

rFire    . . .     SeeInvis +   a - +2 dagger (venom)
rCold    . . .     Gourm    .   s - +0 buckler
rNeg     . . .     Faith    .   c - +0 robe
rPois    +         Spirit   .   (helmet restricted)
rElec    .         Reflect  .   u - scarf {repulsion}
rCorr    +         Harm     .   (gloves unavailable)
MR       +....     NoTele   +   (boots unavailable)
Stlth    +++++++++.             (no amulet)
HPRegen  0.18/turn              C - ring of resist corrosion
MPRegen  0.17/turn              D - ring of the Sturgeon {rPois Int+3 SInv Stlth+}

@: heroism, finesse, mesmerised, slowed, drained, repel missiles, quick
A: very small, unfitting armour, see invisible, herbivore, speed 3, slow
metabolism 2
a: Heroism, Finesse, Renounce Religion


You were in the Dungeon.
You worshipped Okawaru.
Okawaru was extremely pleased with you.
You were hungry.

You visited 1 branch You collected 2402 gold pieces.
You spent 1355 gold pieces at shops.

Inventory:

Hand Weapons
 a - a +2 dagger of venom (weapon)
 b - a +0 blowgun
 f - a +0 shortbow
 z - a +2 arbalest of freezing
 E - the +2 quarterstaff "Zulotos" {drain, rElec, unknown}
   (Okawaru gifted it to you in the Dungeon)

   A truly terrible weapon, it drains the life of those it strikes.
   It insulates you from electricity.
Missiles
 e - 7 tomahawks of returning (quivered)
 h - 5 curare-tipped needles
 o - 43 arrows
 t - 6 poisoned needles
 w - 29 bolts
 x - 2 needles of paralysis
Armour
 c - a +0 robe (worn)
 d - a +0 cloak
 s - a +0 buckler (worn)
 u - a scarf of repulsion (worn)
 y - +1 gold dragon scales
Jewellery
 C - a ring of resist corrosion (left hand)
 D - the ring of the Sturgeon (right hand) {rPois Int+3 SInv Stlth+}
   (You bought it in a shop in the Dungeon)

   [ring of stealth]

   It affects your intelligence (+3).
   It protects you from poison.
   It lets you see invisible.
   It makes you more stealthy.
Scrolls
 m - a scroll of blinking
 n - a scroll of remove curse
 p - 2 scrolls of fear
 q - 3 scrolls of identify
 B - 2 scrolls of fog
Potions
 i - a potion of heal wounds
 j - 2 potions of haste
 k - 2 potions of magic
 l - a potion of berserk rage
 v - 2 potions of curing
 A - 2 potions of flight
Comestibles
 g - 2 rations


   Skills:
 - Level 6.2(10.4) Fighting
 - Level 10.2(14.4) Short Blades
 - Level 2.0(6.3) Throwing
 - Level 15.9(19.9) Dodging
 - Level 24.0(25.9) Stealth
 + Level 6.7(11.0) Shields
 + Level 6.5(5.8) Spellcasting
 + Level 6.4(5.7) Hexes
 - Level 4.0(3.4) Ice Magic
 - Level 7.7(7.0) Invocations


You had 15 spell levels left.
You knew the following spells:

 Your Spells              Type           Power        Failure   Level  Hunger
a - Ensorcelled Hibernat  Hex/Ice        ###...       3%          2    #......
b - Dazzling Spray        Conj/Hex       ##....       12%         3    ##.....
c - Tukima's Dance        Hex            ###.....     3%          3    ##.....

Your spell library contained the following spells:

 Spells                   Type           Power        Failure   Level  Hunger
 Corona                   Hex            ###....      1%          1    None
 Confuse                  Hex            ###.....     3%          3    ##.....


Dungeon Overview and Level Annotations

Branches:
Dungeon (1/1)

Altars:
Cheibriados
Dithmenos
Elyvilon
Fedhas
Gozag
Hepliaklqana
Kikubaaqudgha
Makhleb
Nemelex Xobeh
Okawaru
Qazlal
Ru
Sif Muna
Trog
Uskayaw
Vehumet
Wu Jian
Xom
Yredelemnul
Zin
The Shining One
Jiyva
Lugonu

Shops:
D [?=[!:}??*(:!(*[?


Innate Abilities, Weirdness & Mutations

You are very small and have problems with some larger weapons.
You are too small for most types of armour.
You have supernaturally acute eyesight. (SInv)
You are a herbivore.
You cover ground extremely quickly.
You need to consume almost no food.


Message History

You bump into the rock wall.
You feel less invigorated.
You feel less confused. The hornet completely misses you.
The hornet misses you.
You block the hornet's attack. x2; The hellwing completely misses you. x2
The hornet completely misses you.
The merfolk siren completely misses you.
The merfolk siren chants its luring song.
The hornet completely misses you. The hellwing completely misses you.
The hellwing misses you. The hornet completely misses you.
You barely miss the merfolk siren.
The merfolk siren is moderately wounded.
The hornet stings you!
* * * LOW HITPOINT WARNING * * *
The hornet stings you but does no damage.
The merfolk siren completely misses you.
The merfolk siren chants its luring song.
You hit the merfolk siren.
The merfolk siren is moderately wounded.
The hornet stings you!
You die...

#######################
§.§.§..§§§§§..#^^+§§§§#
§####§§.§§##..'^^#.§§§##
§# ##.§.#######'#§..§§#
§# ###+# #..#§§.§§# ##
#..##.§§§# #y@4###+##
#ymye)#.####+
#.y≈.##+#§§.§
#.m≈##^...^.§§
#..≈#^.D§§§§§§
≈..##^.§§§§§§
≈..#..§§.§§.§..
##..#..§.§§D§§§.
##.^^.^..§§.


You could see a deep elf annihilator, a hellwing, 2 merfolk sirens and 4
hornets.

Vanquished Creatures
  A hydra (D)
  2 centaur warriors (D)
  Sonja (D)
  A deep troll (D)
  2 unseen horrors (D)
  A lindwurm (D)
  An oklob plant (D)
  2 kobold demonologists (D)
  2 demonic crawlers (D)
  A hornet (D)
  A slime creature (D)
  Sigmund (D)
  2 redbacks (D)
  13 hogs (D)
  A yak (D)
  3 floating eyes (D)
  An ogre (D)
  7 necrophages (D)
  8 jellies (D)
  Ijyb (D)
  A ballistomycete (D)
  A ballistomycete spore (D)
54 creatures vanquished.

Vanquished Creatures (others)
  A gargoyle (D)
  A ballistomycete spore (D)
2 creatures vanquished.

Grand Total: 56 creatures vanquished

Notes
Turn   | Place    | Note
-------+----------+-------------------------------------------
     0 | D        | Kobolds4U the Spriggan Assassin began the quest for the
                  | Orb.
     0 | D        | Reached XP level 1. HP: 10/10 MP: 2/2
     1 | D        | Noticed Ijyb
    68 | D        | Killed Ijyb
    68 | D        | Reached skill level 10 in Stealth
    68 | D        | Reached XP level 2. HP: 1/14 MP: 3/3
   378 | D        | Noticed an ogre
   381 | D        | Killed an ogre
   381 | D        | Reached skill level 14 in Stealth
   381 | D        | Reached XP level 3. HP: 18/18 MP: 4/4
   381 | D        | Reached XP level 4. HP: 22/22 MP: 5/5
   390 | D        | Noticed Sigmund
   393 | D        | Killed Sigmund
   393 | D        | Reached skill level 18 in Stealth
   393 | D        | Reached XP level 5. HP: 25/25 MP: 6/6
   406 | D        | Found a burning altar of Makhleb.
   406 | D        | Found a viscous altar of Jiyva.
   406 | D        | Found a shimmering altar of Xom.
   406 | D        | Found a corrupted altar of Lugonu.
   406 | D        | Noticed a slime creature
   409 | D        | Killed a slime creature
   409 | D        | Reached skill level 20 in Stealth
   409 | D        | Reached XP level 6. HP: 30/30 MP: 7/7
   426 | D        | Found an ornate altar of the Wu Jian Council.
   426 | D        | Found a deep blue altar of Sif Muna.
   428 | D        | Found a radiant altar of Vehumet.
   461 | D        | Found Laynioko's Magic Scroll Emporium.
   461 | D        | Found an ancient bone altar of Kikubaaqudgha.
   461 | D        | Found a hazy altar of Hepliaklqana.
   461 | D        | Found a stormy altar of Qazlal.
   461 | D        | Found a hide-covered altar of Uskayaw.
   461 | D        | Found a blossoming altar of Fedhas.
   461 | D        | Found a bloodstained altar of Trog.
   461 | D        | Found an iron altar of Okawaru.
   461 | D        | Found a basalt altar of Yredelemnul.
   461 | D        | Found a glowing golden altar of the Shining One.
   461 | D        | Found a snail-covered altar of Cheibriados.
   461 | D        | Found a sacrificial altar of Ru.
   461 | D        | Found a glowing silver altar of Zin.
   461 | D        | Found a shadowy altar of Dithmenos.
   461 | D        | Found a white marble altar of Elyvilon.
   461 | D        | Noticed a yak
   462 | D        | Found an opulent altar of Gozag.
   495 | D        | Killed a yak
   495 | D        | Reached skill level 21 in Stealth
   495 | D        | Reached XP level 7. HP: 33/33 MP: 8/8
   525 | D        | Found a sparkling altar of Nemelex Xobeh.
   529 | D        | Bought a scroll of identify for 22 gold pieces
   531 | D        | Bought a scroll of blinking for 82 gold pieces
   532 | D        | Became a worshipper of Warmaster Okawaru
   561 | D        | Noticed a centaur warrior
   562 | D        | Noticed a centaur warrior
   563 | D        | Killed a centaur warrior
   563 | D        | Reached * piety under Okawaru
   563 | D        | Reached skill level 22 in Stealth
   563 | D        | Reached XP level 8. HP: 42/42 MP: 9/9
   564 | D        | Killed a centaur warrior
   564 | D        | Reached ** piety under Okawaru
   564 | D        | Reached skill level 5 in Fighting
   564 | D        | Reached skill level 23 in Stealth
   577 | D        | Noticed a hornet
   580 | D        | Killed a hornet
   580 | D        | Reached XP level 9. HP: 47/47 MP: 10/10
   583 | D        | Noticed an oklob plant
   585 | D        | Killed an oklob plant
   585 | D        | Reached *** piety under Okawaru
   604 | D        | Reached skill level 5 in Short Blades
   626 | D        | Noticed a deep troll
   628 | D        | Killed a deep troll
   628 | D        | Reached **** piety under Okawaru
   628 | D        | Reached skill level 15 in Dodging
   639 | D        | Found Iwnot's Armour Emporium.
   644 | D        | Bought a +0 buckler for 54 gold pieces
   658 | D        | Noticed Sonja
   712 | D        | Killed Sonja
   712 | D        | Received a gift from Okawaru
   712 | D        | Reached skill level 1 in Shields
   904 | D        | Found Fucacok's Antique Armour Boutique.
   909 | D        | Killed a gargoyle
   912 | D        | Bought an embroidered scarf for 224 gold pieces
  1256 | D        | Noticed a kobold demonologist
  1256 | D        | Noticed a kobold demonologist
  1260 | D        | Reached XP level 10. HP: 53/53 MP: 8/11
  1261 | D        | Noticed a rust devil
  1453 | D        | Noticed an unseen horror
  1454 | D        | Noticed an unseen horror
  1479 | D        | Killed an unseen horror
  1479 | D        | Reached skill level 10 in Short Blades
  1492 | D        | Killed an unseen horror
  1492 | D        | Reached ***** piety under Okawaru
  1492 | D        | Received a gift from Okawaru
  1492 | D        | Reached skill level 5 in Invocations
  2003 | D        | Reached skill level 5 in Shields
  2042 | D        | Found Toicufeech's Antique Armour Shoppe.
  2042 | D        | Found Ymoil's Jewellery Shop.
  2042 | D        | Found Jemeegiq's Distillery.
  2044 | D        | Found Izxaetan's Book Emporium.
  2044 | D        | Found Jiol's Gadget Shop.
  2044 | D        | Found Paron's Magic Scroll Shoppe.
  2044 | D        | Found Cylo Bif's Magic Scroll Boutique.
  2044 | D        | Found Qastov's Assorted Antiques.
  2044 | D        | Found Ikyxawk's Weapon Shop.
  2044 | D        | Found Jozonk's Book Shoppe.
  2048 | D        | Bought a potion of flight for 33 gold pieces
  2048 | D        | Bought a potion of flight for 33 gold pieces
  2048 | D        | Bought a potion of curing for 33 gold pieces
  2048 | D        | Found Laer's Distillery.
  2049 | D        | Bought a book of Maledictions for 325 gold pieces
  2049 | D        | Found Vafetoq's Assorted Antiques.
  2049 | D        | Found Uxapu's Weapon Boutique.
  2050 | D        | Found Myupt's Magic Scroll Emporium.
  2059 | D        | Bought a scroll of fog for 22 gold pieces
  2060 | D        | Bought a twisted opal ring for 135 gold pieces
  2064 | D        | Learned a level 2 spell: Ensorcelled Hibernation
  2068 | D        | Learned a level 3 spell: Dazzling Spray
  2072 | D        | Learned a level 3 spell: Tukima's Dance
  2151 | D        | Bought the ring of the Sturgeon {rPois Int+3 SInv Stlth+}
                  | for 392 gold pieces
  2521 | D        | Reached skill level 1 in Spellcasting
  2521 | D        | Reached skill level 1 in Hexes
  3090 | D        | Noticed a lindwurm
  3109 | D        | Killed a lindwurm
  3109 | D        | Reached skill level 24 in Stealth
  3377 | D        | Reached skill level 1 in Ice Magic
  3379 | D        | Reached XP level 11. HP: 55/55 MP: 17/17
  3490 | D        | Reached skill level 5 in Spellcasting
  3490 | D        | Reached skill level 5 in Hexes
  3713 | D        | Noticed a 12-headed hydra
  3715 | D        | Killed a 12-headed hydra
  3715 | D        | Received a gift from Okawaru
  3719 | D        | Got a dazzling quarterstaff {god gift}
  3994 | D        | Noticed a shadow dragon
  3994 | D        | Noticed a golden dragon
  4201 | D        | Noticed a deep elf annihilator
  4218 | D        | Slain by a hornet

Skill      XL: |  1  2  3  4  5  6  7  8  9 10 11 |
---------------+----------------------------------+-----
Stealth        | 10 14 18 20 21 22 23 24 | 24.0
Fighting       | 3 5 6 |  6.2
Dodging        | 8 12 15 | 15.9
Short Blades   | 8 10 | 10.2
Shields        | 2 5 6 |  6.7
Invocations    | 7 |  7.7
Spellcasting   | 3 6 |  6.5
Hexes          | 3 6 |  6.4
Ice Magic      | 1 4 |  4.0
Throwing       | |  2.0

Action                   |  1- 3 |  4- 6 |  7- 9 | 10-12 || total
-------------------------+-------+-------+-------+-------++-------
Melee: Dagger            |     2 |     4 |    27 |   393 ||   426
 Fire: Blowgun           |    11 |     9 |    11 |     6 ||    37
Throw: Tomahawk          |       |       |       |     2 ||     2
Invok: Heroism           |       |       |     2 |     4 ||     6
       Finesse           |       |       |       |     3 ||     3
  Use: Scroll            |       |       |     3 |       ||     3
       Potion            |       |       |     1 |     2 ||     3
 Stab: Sleeping          |     1 |     3 |     7 |    16 ||    27
  Eat: Ration            |       |       |       |     1 ||     1
Armor: Robe              |     2 |       |     1 |    10 ||    13
Dodge: Dodged            |    15 |     1 |    18 |   352 ||   386
Block: Buckler           |       |       |     6 |   140 ||   146
